 Dungeon Crawl Stone Soup version 0.27-a0-668-gb5737ff2c0 (webtiles) character file.

Game seed: 4197371714511117561

86 sanka the Purveyor of Pain (level 4, -8/31 HPs)
             Began as a Vampire Necromancer on Mar 17, 2021.
             Was an Initiate of Kikubaaqudgha.
             Mangled by a worm (12 damage)
             ... on level 3 of the Dungeon.
             The game lasted 00:04:14 (2385 turns).

sanka the Purveyor of Pain (Vampire Necromancer)    Turns: 2385, Time: 00:04:14

Health: -8/31      AC:  2    Str:  7    XL:     4   Next: 27%
Magic:  2/7        EV: 13    Int: 17    God:    Kikubaaqudgha [......]
Gold:   96         SH:  0    Dex: 15    Spells: 3/7 levels left

rFire    . . .     SeeInvis +   a - +1 dagger (venom)
rCold    . . .     Faith    .   (no shield)
rNeg     . . .     Spirit   .   e - +0 robe
rPois    .         Reflect  .   (no helmet)
rElec    .         Harm     .   (no cloak)
rCorr    .         Rampage  .   (no gloves)
Will     .....                  (no boots)
Stlth    ++........             (no amulet)
HPRegen  0.30/turn              h - ring of wizardry
MPRegen  0.10/turn              (no ring)

@: regenerating quickly
A: alive, fangs 3, see invisible, unbreathing 1, vampiric 2
a: Exsanguinate, Renounce Religion


You were on level 3 of the Dungeon.
You worshipped Kikubaaqudgha.
Kikubaaqudgha was noncommittal.
You visited 1 branch of the dungeon, and saw 3 of its levels.

You collected 96 gold pieces.


Innate Abilities, Weirdness & Mutations

Your natural rate of healing is unusually fast.
You have razor-sharp teeth.
You have supernaturally acute eyesight. (SInv)
You can survive without breathing.
You are afflicted with vampirism and can become a bat while bloodless.


   Skills:
 + Level 0.5 Fighting
 * Level 2.8 Dodging
 - Level 3.0 Stealth
 - Level 2.0 Spellcasting
 + Level 1.4 Summonings
 + Level 5.6 Necromancy


You had 3 spell levels left.
You knew the following spells:

 Your Spells              Type           Power      Damage    Failure   Level
x - Call Imp              Summ           6%         N/A       6%          2
z - Pain                  Necr           80%        1d8       1%          1
Z - Animate Skeleton      Necr           40%        N/A       1%          1

Your spell library contained the following spells:

 Spells                   Type           Power      Damage    Failure   Level
 Vampiric Draining        Necr           10%        2d7       2%          3
 Summon Small Mammal      Summ           24%        N/A       4%          1
 Apportation              Tloc           2%         N/A       8%          1
 Corona                   Hex            1%         N/A       8%          1
 Magic Dart               Conj           4%         1d3       8%          1
 Blink                    Tloc           N/A        N/A       12%         2
 Slow                     Hex            1%         N/A       12%         2
 Conjure Flame            Conj/Fire      1%         6-21      22%         3
 Mephitic Cloud           Conj/Pois/Air  1%         N/A       22%         3
 Animate Dead             Necr           10%        N/A       8%          4
 Agony                    Necr           20%        N/A       21%         5

Inventory:

Hand Weapons
 a - a +1 dagger of venom (weapon)
 f - a +0 long sword
Armour
 e - a +0 robe (worn)
Jewellery
 h - a ring of wizardry (right hand)
Scrolls
 c - a scroll of enchant weapon {unknown}
Potions
 b - a potion of cancellation {unknown}
 d - a potion of haste {unknown}
 g - a potion of heal wounds {unknown}
 i - a potion of degeneration {unknown}
 j - a potion of curing {unknown}

Dungeon Overview and Level Annotations

Branches:
Dungeon (3/15)

Altars:
Kikubaaqudgha
Xom

▒▒....▒ ▒ ....... ▒.
.......
▒.▒▒▒▒▒▒▒▒▒.......
▒▒▒..........<......
▒..............)....
........[.....▒▒....
.........▒..........
.......Vw▒...w.....
.........▒..........
.........▒▒.........
...▒▒+▒▒▒▒▒...o....▒
.. ▒......... .
.........


You could see a worm.


Message History

You start resting.
Magic restored.
HP restored.
Items here: )) ††.
There is a stone staircase leading down here.
You climb downwards.
The worm bites you!
There is a stone staircase leading up, spattered with blood here.
Unknown command.
Aiming: Pain (safe; 1% risk of failure)
Aim: a worm (chance to affect: 85%)
The worm writhes in agony.
Aiming: Pain (safe; 1% risk of failure)
Aim: a worm (moderately wounded, chance to affect: 85%)
The worm writhes in agony.
The worm bites you.
Aiming: Pain (safe; 1% risk of failure)
Aim: a worm (moderately wounded, chance to affect: 85%)
The worm writhes in agony.
Aiming: Pain (safe; 1% risk of failure)
Aim: a worm (moderately wounded, chance to affect: 85%)
The worm writhes in agony.
The worm bites you!
* * * LOW HITPOINT WARNING * * *
Aiming: Pain (safe; 1% risk of failure)
Aim: a worm (heavily wounded, chance to affect: 85%)
The worm writhes in agony.
The worm bites you!
You die...
Kikubaaqudgha rasps: "You have failed me!
Welcome... death!"

Action                   |  1- 3 |  4- 6 || total
-------------------------+-------+-------++-------
Melee: Unarmed           |    12 |       ||    12
       Bite              |     3 |       ||     3
       Dagger            |     2 |    10 ||    12
 Cast: Pain              |    69 |    13 ||    82
Armor: Robe              |     5 |       ||     5
Dodge: Dodged            |    24 |     3 ||    27

Levels and vault maps discovered:
D:1:      tarquinn_simple_flora_water_c, layout_rooms,
          kennysheep_decorative_pillar
D:2:      layout_loops_corners, gammafunk_temple_overflow_elements,
          chequers_ecumenical_altar_simple_redux
D:3:      layout_basic, gammafunk_temple_overflow_statue,
          gammafunk_ghost_stat_death, led_sif_book, uniq_ijyb

Notes
Turn   | Place    | Note
-------+----------+-------------------------------------------
     0 | D:1      | sanka the Vampire Necromancer began the quest for the Orb.
     0 | D:1      | Reached XP level 1. HP: 13/13 MP: 3/3
    41 | D:1      | Learned a level 1 spell: Animate Skeleton
    47 | D:1      | HP: 1/13 [hobgoblin (3)]
   391 | D:1      | Reached XP level 2. HP: 17/19 MP: 1/5
   448 | D:1      | Reached skill level 5 in Necromancy
  1035 | D:2      | Found a faded altar of an unknown god.
  1102 | D:2      | Learned a level 2 spell: Call Imp
  1144 | D:2      | Gained mutation: You are afflicted with vampirism and can
                  | become a bat while bloodless. [Vampire growth]
  1144 | D:2      | Reached XP level 3. HP: 22/24 MP: 3/6
  1355 | D:2      | Reached skill level 1 in Summonings
  1715 | D:2      | Found a shimmering altar of Xom.
  1715 | D:2      | Found an ancient bone altar of Kikubaaqudgha.
  1759 | D:2      | Became a worshipper of Kikubaaqudgha
  1875 | D:2      | Reached XP level 4. HP: 25/31 MP: 1/7
  2385 | D:3      | Mangled by a worm

Vanquished Creatures
  4 adders (D:2)
  An ooze (D:2)
  2 leopard geckos
  4 orcs
  A ball python (D:2)
  A giant cockroach (D:2)
  3 hobgoblins
  3 jackals (D:1)
  2 quokkas
  6 bats
  A frilled lizard (D:2)
  A goblin (D:2)
  8 kobolds
  4 rats (D:1)
41 creatures vanquished.
